PAAA
PLYMOUTH ROCKS @ HOUSTON BC
07/10/2029
 
TOP OF THE 1ST
Plymouth Rocks batting - Pitching for Houston BC : LHP Mike Owens
Pitching: LHP Mike Owens
Batting: LHB José Castillo 0-0: Swinging Strike
0-1: Ball
1-1: Swinging Strike
1-2: Strikes out swinging
Batting: RHB Hubert Dodson 0-0: Ball
1-0: Foul Ball, location: 2F
1-1: SINGLE (Line Drive, 7LS)
Batting: RHB Ernesto Trevino 0-0: Fly out, F4 (Line Drive, 34D)
Batting: SHB Javier Vega 0-0: Called Strike
0-1: Ball
1-1: Called Strike
1-2: Strikes out swinging
Top of the 1st over - 0 runs, 1 hit, 0 errors, 1 left on base; Plymouth 0 - Houston 0
BOTTOM OF THE 1ST
Houston BC batting - Pitching for Plymouth Rocks : RHP Rafael Méndez
Pitching: RHP Rafael Méndez
Batting: RHB Habbo Allaart 0-0: Ball
1-0: Called Strike
1-1: Foul Ball, location: 2F
1-2: Ball
2-2: Ground out 6-3 (Groundball, 6S)
Batting: RHB Alfredo Mojica 0-0: Called Strike
0-1: Swinging Strike
0-2: Ball
1-2: Foul Ball, location: 2F
1-2: Fly out, F9 (Flyball, 89S)
Batting: RHB António López 0-0: Called Strike
0-1: Swinging Strike
0-2: Fly out, F3 (Popup, 3S)
Bottom of the 1st over - 0 runs, 0 hits, 0 errors, 0 left on base; Plymouth 0 - Houston 0
TOP OF THE 2ND
Plymouth Rocks batting - Pitching for Houston BC : LHP Mike Owens
Batting: SHB Roku Hara 0-0: Called Strike
0-1: Swinging Strike
0-2: Foul Ball, location: 2F
0-2: Foul Ball, location: 2F
0-2: Foul Ball, location: 2F
0-2: Fly out, F4 (Popup, 4S)
Batting: RHB Arturo Maldonado 0-0: Ball
1-0: SINGLE (Flyball, 8RS)
Batting: RHB Andrew Weeks 0-0: Ball
Arturo Maldonado steals 2nd base
1-0: Swinging Strike
1-1: Called Strike
Arturo Maldonado steals 3rd base
1-2: Ball
2-2: Fly out, F8 (Flyball, 8RS)
Runner from 3rd tags up, SCORES, no throw
Batting: SHB Arnold Griffith 0-0: Called Strike
0-1: Ball
1-1: Foul Ball, location: 2F
1-2: Ball
2-2: DOUBLE (Line Drive, 78D)
Batting: RHB John Townsend 0-0: Ball
1-0: Ball
2-0: Called Strike
2-1: Foul Ball, location: 2F
2-2: Ball
3-2: Ground out 5-3 (Groundball, 56)
Top of the 2nd over - 1 run, 2 hits, 0 errors, 1 left on base; Plymouth 1 - Houston 0
BOTTOM OF THE 2ND
Houston BC batting - Pitching for Plymouth Rocks : RHP Rafael Méndez
Batting: LHB Dawit Lihalakha 0-0: Called Strike
0-1: Ball
1-1: SINGLE (Groundball, 6D)
Batting: RHB Ludovico Trezza 0-0: Called Strike
0-1: Ball
1-1: Ball
2-1: Called Strike
2-2: Foul Ball, location: 2F
2-2: DOUBLE (Line Drive, 7D)
Dawit Lihalakha to third
Runner from 3rd tries for Home, SAFE, no throw
Batting: RHB Dennis Morrow 0-0: Called Strike
0-1: Foul Ball, location: 2F
0-2: SINGLE (Groundball, 6MD)
Ludovico Trezza to third
Runner from 3rd tries for Home, SAFE, no throw
Batting: RHB Jorge Quezada 0-0: Ball
1-0: Called Strike
1-1: Foul Ball, location: 2F
1-2: Foul Ball, location: 2F
1-2: Strikes out swinging
Batting: RHB Tyler Utterback 0-0: Swinging Strike
0-1: Swinging Strike
0-2: Strikes out swinging
Batting: LHB Raúl Trevino 0-0: Called Strike
0-1: Ball
1-1: Called Strike
1-2: Fielders Choice at 2nd, 6-4 (Groundball, 6)
Bottom of the 2nd over - 2 runs, 3 hits, 0 errors, 1 left on base; Plymouth 1 - Houston 2
TOP OF THE 3RD
Plymouth Rocks batting - Pitching for Houston BC : LHP Mike Owens
Batting: LHB José Castillo 0-0: Ball
1-0: Ball
2-0: Fly out, F6 (Flyball, 56D)
Batting: RHB Hubert Dodson 0-0: Called Strike
0-1: Ball
1-1: Foul Ball, location: 2F
1-2: Foul Ball, location: 2F
1-2: Foul Ball, location: 2F
1-2: Foul Ball, location: 2F
1-2: SINGLE (Line Drive, 7S)
Batting: RHB Ernesto Trevino 0-0: Ball
Hubert Dodson is caught stealing 2nd base
1-0: Called Strike
1-1: Foul Ball, location: 2F
1-2: Foul Ball, location: 2F
1-2: Foul Ball, location: 2F
1-2: Fly out, F8 (Flyball, 8LM)
Top of the 3rd over - 0 runs, 1 hit, 0 errors, 0 left on base; Plymouth 1 - Houston 2
BOTTOM OF THE 3RD
Houston BC batting - Pitching for Plymouth Rocks : RHP Rafael Méndez
Batting: RHB Habbo Allaart 0-0: Swinging Strike
0-1: Ball
1-1: Foul Ball, location: 2F
1-2: SINGLE (Flyball, 9LM)
Batting: RHB Alfredo Mojica 0-0: Ball
1-0: Foul Ball, location: 2F
1-1: Ball
2-1: Ball
Habbo Allaart steals 2nd base
3-1: Called Strike
3-2: Strikes out swinging
Batting: RHB António López 0-0: Ball
1-0: Foul Ball, location: 2F
1-1: Called Strike
1-2: SINGLE (Line Drive, 5)
Habbo Allaart to third
Runner from 3rd tries for Home, SAFE, no throw
Batting: LHB Dawit Lihalakha 0-0: Ball
1-0: Ball
2-0: Called Strike
2-1: Foul Ball, location: 2F
2-2: Ball
3-2: Foul Ball, location: 2F
3-2: Base on Balls
António López to second
Batting: RHB Ludovico Trezza 0-0: Ball
1-0: Ball
2-0: Called Strike
2-1: Ball
3-1: Fly out, F8 (Flyball, 8RXD)
Runner from 2nd tags up, SAFE at 3rd, no throw
Batting: RHB Dennis Morrow 0-0: Ball
1-0: Called Strike
1-1: Swinging Strike
Passed Ball!
António López scores
Dawit Lihalakha to second
1-2: Foul Ball, location: 2F
1-2: Ball
2-2: Strikes out swinging
Bottom of the 3rd over - 2 runs, 2 hits, 0 errors, 1 left on base; Plymouth 1 - Houston 4
TOP OF THE 4TH
Plymouth Rocks batting - Pitching for Houston BC : LHP Mike Owens
Batting: SHB Javier Vega 0-0: Foul Ball, location: 2F
0-1: Swinging Strike
0-2: SOLO HOME RUN (Flyball, 7LD), Distance : 385 ft
Batting: SHB Roku Hara 0-0: Ball
1-0: Swinging Strike
1-1: Ball
2-1: Foul Ball, location: 2F
2-2: Ball
3-2: Base on Balls
Batting: RHB Arturo Maldonado 0-0: Ball
1-0: Foul Ball, location: 2F
1-1: Grounds into double play, 6-4-3 (Groundball, 6)
Batting: RHB Andrew Weeks 0-0: Ball
1-0: Ball
2-0: Ball
3-0: Base on Balls
Batting: SHB Arnold Griffith 0-0: Called Strike
0-1: Fielders Choice at 2nd, 6-4 (Groundball, 6)
Top of the 4th over - 1 run, 1 hit, 0 errors, 1 left on base; Plymouth 2 - Houston 4
BOTTOM OF THE 4TH
Houston BC batting - Pitching for Plymouth Rocks : RHP Rafael Méndez
Batting: RHB Jorge Quezada 0-0: Called Strike
0-1: Foul Ball, location: 2F
0-2: Ball
1-2: Ball
2-2: Ball
3-2: Foul Ball, location: 2F
3-2: Foul Ball, location: 2F
3-2: Strikes out swinging
Batting: RHB Tyler Utterback 0-0: Ball
1-0: Ball
2-0: Ball
3-0: Called Strike
3-1: Base on Balls
Batting: LHB Raúl Trevino 0-0: Ball
Tyler Utterback steals 2nd base
1-0: Swinging Strike
1-1: Ball
2-1: SINGLE (Groundball, 4M) (infield hit)
Tyler Utterback to third
Batting: RHB Habbo Allaart 0-0: Ball
1-0: Fielders Choice at 2nd, 5-4 (Groundball, 56)
Tyler Utterback scores
Batting: RHB Alfredo Mojica 0-0: Called Strike
0-1: Fly out, F4 (Popup, 34)
Bottom of the 4th over - 1 run, 1 hit, 0 errors, 1 left on base; Plymouth 2 - Houston 5
TOP OF THE 5TH
Plymouth Rocks batting - Pitching for Houston BC : LHP Mike Owens
Batting: RHB John Townsend 0-0: Ball
1-0: Ball
2-0: Called Strike
2-1: Ball
3-1: Ground out 6-3 (Groundball, 6)
Batting: LHB José Castillo 0-0: Ball
1-0: Swinging Strike
1-1: Called Strike
1-2: Foul Ball, location: 2F
1-2: Ball
2-2: Strikes out looking
Batting: RHB Hubert Dodson 0-0: Ball
1-0: Ball
2-0: Called Strike
2-1: Ball
3-1: Base on Balls
Batting: RHB Ernesto Trevino 0-0: Ball
Hubert Dodson steals 2nd base
1-0: Foul Ball, location: 2F
1-1: Foul Ball, location: 2F
1-2: Strikes out swinging
Top of the 5th over - 0 runs, 0 hits, 0 errors, 1 left on base; Plymouth 2 - Houston 5
BOTTOM OF THE 5TH
Houston BC batting - Pitching for Plymouth Rocks : RHP Rafael Méndez
Batting: RHB António López 0-0: Ball
1-0: Ball
2-0: Ground out 6-3 (Groundball, 6)
Batting: LHB Dawit Lihalakha 0-0: Ball
1-0: Fly out, F9 (Flyball, 9LM)
Batting: RHB Ludovico Trezza 0-0: Foul Ball, location: 2F
0-1: Called Strike
0-2: Strikes out swinging
Bottom of the 5th over - 0 runs, 0 hits, 0 errors, 0 left on base; Plymouth 2 - Houston 5
TOP OF THE 6TH
Plymouth Rocks batting - Pitching for Houston BC : LHP Mike Owens
Batting: SHB Javier Vega 0-0: SOLO HOME RUN (Flyball, 7LD), Distance : 366 ft
Batting: SHB Roku Hara 0-0: SINGLE (Groundball, 56D)
Batting: RHB Arturo Maldonado 0-0: Sac Bunt - play at first, batter OUT! 2-3
Roku Hara to second
Batting: RHB Andrew Weeks 0-0: Called Strike
0-1: Foul Ball, location: 2F
0-2: Fly out, F8 (Flyball, 8RD)
Batting: SHB Arnold Griffith 0-0: Foul Ball, location: 2F
0-1: Foul Ball, location: 2F
0-2: Foul Ball, location: 2F
0-2: Fly out, F9 (Flyball, 89XD)
Top of the 6th over - 1 run, 2 hits, 0 errors, 1 left on base; Plymouth 3 - Houston 5
BOTTOM OF THE 6TH
Houston BC batting - Pitching for Plymouth Rocks : RHP Rafael Méndez
Batting: RHB Dennis Morrow 0-0: Called Strike
0-1: Fly out, F7 (Flyball, 78M)
Batting: RHB Jorge Quezada 0-0: Ball
1-0: Ground out 6-3 (Groundball, 6)
Batting: RHB Tyler Utterback 0-0: Called Strike
0-1: Called Strike
0-2: Strikes out swinging
Bottom of the 6th over - 0 runs, 0 hits, 0 errors, 0 left on base; Plymouth 3 - Houston 5
TOP OF THE 7TH
Plymouth Rocks batting - Pitching for Houston BC : LHP Mike Owens
Batting: RHB John Townsend 0-0: Called Strike
0-1: Foul Ball, location: 2F
0-2: Strikes out looking
Batting: LHB José Castillo 0-0: Ball
1-0: Ground out 5-3 (Groundball, 56S)
Batting: RHB Hubert Dodson 0-0: Ball
1-0: Ball
2-0: Called Strike
2-1: Ball
3-1: Base on Balls
Pitching: RHP Dan Hobbs
Batting: RHB Ernesto Trevino 0-0: SINGLE (Groundball, 6M) (infield hit)
Hubert Dodson to second
Batting: SHB Javier Vega 0-0: Called Strike
0-1: Ball
Wild Pitch!
Hubert Dodson to third
Ernesto Trevino to second
1-1: Ball
2-1: Ball
3-1: SINGLE (Line Drive, 78M)
Hubert Dodson scores
Ernesto Trevino to third
Runner from 3rd tries for Home, SAFE, no throw
Batting: SHB Roku Hara 0-0: Ground out 4-3 (Groundball, 4)
Top of the 7th over - 2 runs, 2 hits, 0 errors, 1 left on base; Plymouth 5 - Houston 5
BOTTOM OF THE 7TH
Houston BC batting - Pitching for Plymouth Rocks : RHP Rafael Méndez
Batting: LHB Raúl Trevino 0-0: Ball
1-0: Ground out 6-3 (Groundball, 6)
Batting: RHB Habbo Allaart 0-0: Foul Ball, location: 2F
0-1: Called Strike
0-2: Ball
1-2: Strikes out looking and he physically ARGUES THE CALL AND IS TOSSED!
Batting: RHB Alfredo Mojica 0-0: Ball
1-0: Ball
2-0: Ball
3-0: Base on Balls
Batting: RHB António López 0-0: Ball
1-0: Ball
2-0: Foul Ball, location: 2F
2-1: Foul Ball, location: 2F
2-2: Foul Ball, location: 2F
2-2: Reached on error, E4 (Groundball, 4)
Alfredo Mojica to second
Batting: LHB Dawit Lihalakha 0-0: Foul Ball, location: 2F
0-1: Ball
1-1: Ball
2-1: Swinging Strike
2-2: Strikes out swinging
Bottom of the 7th over - 0 runs, 0 hits, 1 error, 2 left on base; Plymouth 5 - Houston 5
TOP OF THE 8TH
Plymouth Rocks batting - Pitching for Houston BC : RHP Dan Hobbs
Now in RF: George Zeek
Pinch Hitting: LHB Bernardo Elías 0-0: Called Strike
0-1: Ground out 6-3 (Groundball, 6M)
Batting: RHB Andrew Weeks 0-0: Called Strike
0-1: Foul Ball, location: 2F
0-2: Foul Ball, location: 2F
0-2: Ball
1-2: Strikes out looking
Batting: SHB Arnold Griffith 0-0: SOLO HOME RUN (Flyball, 9LD), Distance : 363 ft
Pitching: RHP Arnout Els
Batting: RHB John Townsend 0-0: Called Strike
0-1: Called Strike
0-2: Foul Ball, location: 2F
0-2: Foul Ball, location: 2F
0-2: Ground out 4-3 (Groundball, 4)
Top of the 8th over - 1 run, 1 hit, 0 errors, 0 left on base; Plymouth 6 - Houston 5
BOTTOM OF THE 8TH
Houston BC batting - Pitching for Plymouth Rocks : RHP Rafael Méndez
Pitching: LHP Luis Arreola
Now in RF: Bernardo Elías
Batting: RHB Ludovico Trezza 0-0: Ball
1-0: Ball
2-0: Ball
3-0: Called Strike
3-1: Swinging Strike
3-2: Base on Balls
Batting: RHB Dennis Morrow 0-0: Ball
1-0: Grounds into double play, 4-6-3 (Groundball, 4)
Batting: RHB Jorge Quezada 0-0: Ball
1-0: Ball
2-0: Foul Ball, location: 2F
2-1: Ball
3-1: Foul Ball, location: 2F
3-2: Foul Ball, location: 2F
3-2: Base on Balls
Batting: RHB Tyler Utterback 0-0: Ball
1-0: Called Strike
1-1: Called Strike
1-2: Strikes out swinging
Bottom of the 8th over - 0 runs, 0 hits, 0 errors, 1 left on base; Plymouth 6 - Houston 5
TOP OF THE 9TH
Plymouth Rocks batting - Pitching for Houston BC : RHP Arnout Els
Batting: LHB José Castillo 0-0: Called Strike
0-1: Ball
1-1: Foul Ball, location: 2F
1-2: Strikes out swinging
Batting: RHB Hubert Dodson 0-0: Ball
1-0: DOUBLE (Line Drive, 89D)
Batting: RHB Ernesto Trevino 0-0: Called Strike
0-1: Foul Ball, location: 2F
0-2: Ground out 3-1 (Groundball, 34S)
Hubert Dodson to third
Batting: SHB Javier Vega 0-0: Ball
1-0: Ball
2-0: Ball
3-0: Base on Balls
Batting: SHB Roku Hara 0-0: Ground out 4-3 (Groundball, 4)
Top of the 9th over - 0 runs, 1 hit, 0 errors, 2 left on base; Plymouth 6 - Houston 5
BOTTOM OF THE 9TH
Houston BC batting - Pitching for Plymouth Rocks : LHP Luis Arreola
Pitching: LHP Roberto Aguirre
Pinch Hitting: RHB Alfredo Rivera 0-0: Ball
1-0: Ball
2-0: Called Strike
2-1: Ball
3-1: Called Strike
3-2: Foul Ball, location: 2F
3-2: Ground out 5-3 (Groundball, 56)
Batting: RHB George Zeek 0-0: Called Strike
0-1: Foul Ball, location: 2F
0-2: Ground out 5-3 (Groundball, 5)
Batting: RHB Alfredo Mojica 0-0: Swinging Strike
0-1: Fly out, F8 (Flyball, 8LM)
Bottom of the 9th over - 0 runs, 0 hits, 0 errors, 0 left on base; Plymouth 6 - Houston 5
Tuesday, December 19th, 2017 - OOTP Baseball 18.8 Build 76